 Dungeon Crawl Stone Soup version 0.19-a0-1889-g9c603be (console) character file.

53 utis the Vexing (level 3, -11/21 HPs)
             Began as a Deep Elf Arcane Marksman on Oct 17, 2016.
             Blown up by Ijyb (16 damage)
             ... with a wand of disintegration
             ... on level 2 of the Dungeon.
             The game lasted 00:06:29 (2783 turns).

utis the Vexing (Deep Elf Arcane Marksman)          Turns: 2783, Time: 00:06:30

Health: -11/21     AC: 11    Str:  9    XL:     3   Next: 64%
Magic:  7/7        EV:  0    Int: 17    God:
Gold:   58         SH:  0    Dex: 14    Spells: 1 memorised, 4 levels left

rFire  . . .     SeeInvis .     b - +0 shortbow
rCold  . . .     Gourm    .     l - +0 plate armour
rNeg   . . .     Faith    .     (shield currently unavailable)
rPois  .         Spirit   .     (no helmet)
rElec  .         Reflect  .     h - +0 cloak
rCorr  .         Harm     .     (no gloves)
MR     .....                    (no boots)
Stlth  ..........               (no amulet)
                                (no ring)
                                (no ring)

@: no status effects
A: no striking features
a: no special abilities


You were on level 2 of the Dungeon.
You were not hungry.

You visited 1 branch of the dungeon, and saw 2 of its levels.

You collected 58 gold pieces.

Inventory:

Hand Weapons
 a - a +0 short sword
 b - a +0 shortbow (weapon)
 j - a +0 dagger
Missiles
 d - 7 arrows (quivered)
 m - 58 stones
Armour
 e - a +0 robe
 h - a +0 cloak (worn)
 l - a +0 plate armour (worn)
 r - a +0 naga barding
Jewellery
 o - a cursed ring of teleportation {unknown}
 p - an uncursed ring of flight {unknown}
Scrolls
 g - a scroll of enchant armour {unknown}
 i - 2 scrolls of remove curse {unknown}
 s - 4 scrolls of identify {unknown}
 u - a scroll of immolation {unknown}
Potions
 k - a potion of haste {unknown}
 t - a potion of ambrosia {unknown}
Books
 c - a book of Debilitation

   Spells                             Type                      Level
   a - Corona                         Hexes                        1
   b - Slow                           Hexes                        2
   c - Gell's Gravitas                Hexes/Translocation          3
   d - Inner Flame                    Hexes/Fire                   3
   e - Cause Fear                     Hexes                        4
   f - Leda's Liquefaction            Hexes/Earth                  4
Comestibles
 f - 3 bread rations {@e1}
 n - 3 meat rations {@e1}
 q - a beef jerky {@e2}


   Skills:
 + Level 2.0 Fighting
 + Level 3.4 Bows
 - Level 2.4 Dodging
 - Level 1.5 Spellcasting
 - Level 4.2 Hexes


You had 4 spell levels left.
You knew the following spells:

 Your Spells              Type           Power        Failure   Level  Hunger
a - Corona                Hex            ###....      100%        1    ##.....


Dungeon Overview and Level Annotations

Branches:
Dungeon (2/15)

Altars:
Ru

Annotations:
D:2 1 runed door, Ijyb


Message History

Ijyb is moderately wounded.
Ijyb zaps a wand.
You barely resist.
Firing (i - inventory. (,) - cycle):
d - 9 arrows (quivered)
Press: ? - help, Shift-Dir - straight line, f/p - Ijyb
Aim: Ijyb, wearing a robe and carrying a wand of disintegration {zapped: 3} (moderately wounded)
You shoot an arrow. The arrow hits Ijyb.
Ijyb is severely wounded.
Ijyb zaps a wand.
You are blasted!
Ouch! That really hurt!
* * * LOW HITPOINT WARNING * * *
Unknown command.
Enter note: fuckit Firing (i - inventory. (,) - cycle):
d - 8 arrows (quivered)
Press: ? - help, Shift-Dir - straight line, f/p - Ijyb
Aim: Ijyb, wearing a robe and carrying a wand of disintegration {zapped: 4} (severely wounded)
You shoot an arrow. The arrow barely misses Ijyb.
Ijyb zaps a wand.
You are blasted!
Ouch! That really hurt!
You die...

░....░░........░░░
░....░░.........░░░
░....░░..░.░......░
░.░░.░░..░.░......░
░.░░..░.......[...░
░.░░..░...........░░
░.░░.........<......
░........░...░░.....
░..e.......░..░.....
░░......'..░░.░.....
░...░.░.░..░.░.....
░......... ░.......
░...░.░.░ ░░░.....
░.g.... .. ░.....
░.➘➘░.░. . ░.....
░░░➘. .. ░.....
░.....


You could see Ijyb.

Vanquished Creatures
  An adder (D:2)
  2 worms (D:2)
  2 dart slugs (D:1)
  A leopard gecko (D:1)
  3 ball pythons
  4 bats
  A giant cockroach (D:1)
  2 goblins (D:1)
  3 hobgoblins
  3 jackals
  5 kobolds
  A quokka (D:2)
  2 frilled lizards (D:1)
  A rat (D:1)
31 creatures vanquished.

Notes
Turn   | Place    | Note
-------+----------+-------------------------------------------
     0 | D:1      | utis the Deep Elf Arcane Marksman began the quest for the Orb.
     0 | D:1      | Reached XP level 1. HP: 11/11 MP: 5/5
   400 | D:1      | shrug
   428 | D:1      | Reached skill level 1 in Fighting
   545 | D:1      | hmmm
   564 | D:1      | hmmmm
   596 | D:1      | Reached XP level 2. HP: 13/16 MP: 6/6
  2006 | D:2      | Reached XP level 3. HP: 18/20 MP: 7/7
  2021 | D:2      | Found a sacrificial altar of Ru.
  2298 | D:2      | Found a runed door.
  2772 | D:2      | Noticed Ijyb
  2783 | D:2      | fuckit
  2783 | D:2      | Blown up by Ijyb

Vault maps used:
D:1:      dpeg_arrival_simpleton_a, bh_walls_and_bars
D:2:      first_bread, roderic_serpentine_path, st_stairs_13,
          nicolae_ru_awakened_eye, uniq_sigmund, uniq_iyjb,
          uniq_crazy_yiuf_cottage

Skill      XL: |  1  2  3 |
---------------+----------+-----
Fighting       | 1 2 |  2.0
Bows           | 3 |  3.4
Dodging        | |  2.4
Spellcasting   | |  1.5
Hexes          | |  4.2

Action                   || total
-------------------------++-------
Melee: Dagger            ||    62
       Short sword       ||    88
 Fire: Shortbow          ||    49
Throw: Stone             ||    17
 Cast: Corona            ||     6
  Eat: Chunk             ||     6
Armor: Plate armour      ||   162
       Robe              ||     4
Dodge: Dodged            ||    11
